 Dungeon Crawl Stone Soup version 0.26-a0-854-gdc81c2f471 (webtiles) character file.

Game seed: 2857459247512818207

172014 robertstho the Tortoise (level 17, -10/172 HPs)
             Began as a Deep Dwarf Berserker on Nov 21, 2020.
             Was a Believer of Trog.
             Blown up by an orb spider (27 damage)
             ... with an orb of destruction
             ... on level 3 of the Spider Nest on Nov 23, 2020.
             The game lasted 01:28:54 (27408 turns).

robertstho the Tortoise (Deep Dwarf Berserker)     Turns: 27408, Time: 01:28:55

Health: -10/172    AC: 28    Str: 34    XL:     17   Next: 40%
Magic:  1/1        EV: 20    Int:  4    God:    Trog [**....]
Gold:   3954       SH:  0    Dex: 19    Spells: 16/16 levels left

rFire    + + +     SeeInvis +   C - +0 war axe (elec)
rCold    x x .     Faith    .   (no shield)
rNeg     + + +     Spirit   .   l - +2 plate armour {rF+}
rPois    +         Reflect  .   S - +2 hat "Soesoisasi" {rElec rC- Dex+4 SInv}
rElec    +         Harm     .   L - +2 ratskin cloak {*Rats rPois rN+ Str-1 Int-1 Dex+1}
rCorr    .         Rampage  .   (no gloves)
MR       +++..                  G - +1 pair of boots of Claustrophobia {Str+4}
Stlth    ..........             (no amulet)
HPRegen  0.00/turn              M - ring "Veopli" {+Fly rN+ Str+4 Slay+4}
MPRegen  0.07/turn              r - ring of the Invisible Hand {rElec rF+++ rC- MR+ Int-4}

@: non-regenerating, studying 3 skills
A: damage resistance, heal wounds, agile 1, negative energy resistance 1, sense
surroundings 2, shaggy fur 1, no regeneration
a: Heal Wounds, Berserk, Trog's Hand, Renounce Religion, Evoke Flight


You were on level 3 of the Spider Nest.
You worshipped Trog.
Trog was pleased with you.
You visited 4 branches of the dungeon, and saw 26 of its levels.
You visited the Abyss 1 time.
You visited 1 bazaar.
You also visited: Trove, Sewer and Volcano.

You collected 5859 gold pieces.
You spent 1905 gold pieces at shops.

Inventory:

Hand Weapons
 p - the +6 dire flail "Lepluos" {vorpal, rC+ rN+ Int-3}
   (You took it off an ogre on level 3 of the Dungeon)

   It inflicts extra damage upon your enemies.
   It affects your intelligence (-3).
   It protects you from cold.
   It protects you from negative energy.
 s - a +0 vampiric short sword
 u - the +9 short sword of Oozing Pus {freeze, *Noise rF+ rC+++ Stlth-}
   (You found it in a sewer)

   It has been specially enchanted to freeze those struck by it, causing extra
   injury to most foes and up to half again as much damage against particularly
   susceptible opponents.
   It can also slow down cold-blooded creatures.
   It protects you from fire.
   It renders you almost immune to cold.
   It may make noises in combat.
   It makes you less stealthy.
 y - a +4 broad axe of flaming
 C - a +0 war axe of electrocution (weapon)
 T - a +1 long sword of holy wrath
Missiles
 R - 15 curare-tipped darts (quivered)
Armour
 a - a +0 kite shield of reflection
 b - a +2 scale mail of cold resistance
 l - a +2 plate armour of fire resistance (worn)
 E - +0 acid dragon scales
 G - the +1 pair of boots of Claustrophobia (worn) {Str+4}
   (You bought it in a shop on level 2 of the Orcish Mines)

   It affects your strength (+4).
 J - a +0 buckler of fire resistance
 K - the +0 scale mail "Etoring" {+Fly rPois}
   (You found it on level 10 of the Dungeon)

   It protects you from poison.
   It lets you fly.
 L - the +2 ratskin cloak (worn) {*Rats rPois rN+ Str-1 Int-1 Dex+1}
   (You bought it in a shop on level 13 of the Dungeon)

   It affects your strength (-1).
   It affects your intelligence (-1).
   It affects your dexterity (+1).
   It protects you from poison.
   It protects you from negative energy.
 S - the +2 hat "Soesoisasi" (worn) {rElec rC- Dex+4 SInv}
   (You found it on level 1 of the Lair of Beasts)

   It affects your dexterity (+4).
   It makes you vulnerable to cold.
   It insulates you from electricity.
   It lets you see invisible.
 V - a +2 cloak of magic resistance
Jewellery
 h - a +4 ring of protection
 i - an uncursed amulet of reflection
 r - the ring of the Invisible Hand (right hand) {rElec rF+++ rC- MR+ Int-4}
   (You found it on level 4 of the Dungeon)

   [ring of protection from magic]

   It affects your intelligence (-4).
   It renders you almost immune to fire.
   It makes you vulnerable to cold.
   It insulates you from electricity.
   It affects your resistance to hostile enchantments.
 M - the ring "Veopli" (left hand) {+Fly rN+ Str+4 Slay+4}
   (You found it on level 10 of the Dungeon)

   [ring of slaying]

   It affects your strength (+4).
   It affects your accuracy and damage with ranged weapons and melee attacks
   (+4).
   It protects you from negative energy.
   It lets you fly.
Wands
 w - a wand of disintegration (36)
 x - a wand of iceblast (5)
 B - a wand of flame (7)
Scrolls
 c - 2 scrolls of teleportation
 k - 4 scrolls of remove curse
 m - 5 scrolls of enchant weapon
 n - a scroll of summoning
 q - 3 scrolls of fog
 t - 3 scrolls of magic mapping
 v - 2 scrolls of silence
 z - 4 scrolls of fear
 A - 2 scrolls of blinking
 D - 7 scrolls of identify
 O - 4 scrolls of enchant armour
 P - 3 scrolls of holy word
Potions
 e - a potion of magic
 f - 4 potions of flight
 j - 7 potions of mutation
 F - 2 potions of cancellation
Books
 U - a manual of Dodging
 W - a manual of Fighting
 Z - a manual of Axes
Miscellaneous
 o - a condenser vane
 H - a box of beasts (inert)
 Q - a phantom mirror (inert)


   Skills:
 * Level 15.8 Fighting
 + Level 9.8(10.0) Short Blades
 + Level 3.3(7.6) Long Blades
 + Level 15.8(15.9) Axes
 + Level 2.0(9.3) Polearms
 * Level 15.9 Armour
 * Level 15.4 Dodging
 + Level 3.8 Stealth
 + Level 6.9 Shields
 + Level 2.8 Evocations


You had 16 spell levels left.
You didn't know any spells.
Your spell library was empty.

Dungeon Overview and Level Annotations

Branches:
Dungeon (15/15)            Temple (0/1) D:5            Lair (6/6) D:10
 Shoals (0/4) Lair:4       Spider (3/4) Lair:3        Slime (0/5) Lair:5
    Orc (2/2) D:9             Elf (0/3) Orc:2        Vaults (0/5) D:14
 Depths (0/5) D:15          Sewer (visited)         Volcano (visited)

Altars:
Ashenzari
Gozag
Nemelex Xobeh
Okawaru
Qazlal
Ru
Wu Jian
Xom
Zin
Beogh
Jiyva

Shops:
D:4 :   D:13 ?*=[:   Orc:2 }?[(

Annotations:
Spider:3 Arachne


Innate Abilities, Weirdness & Mutations

You are resistant to damage.
You can heal yourself by infusing magical energy.
You resist negative energy. (rN+)
You passively map the area around you.
You do not regenerate.
You are agile. (Dex +2)
You are covered in fur. (AC +1)


Message History

A tarantella comes into view.
You recover from your berserk rage.
The wolf spider hisses angrily.
The tarantella hisses angrily.
The orb spider weaves a glowing orb of energy.
An orb of destruction comes into view.
Things that are here:
an emperor scorpion corpse; a redback corpse The orb spider weaves a glowing orb of energy.
An orb of destruction comes into view.
The orb spider begins to weave its threads into a brightly glowing ball.
The wolf spider misses you.
The wolf spider bites you but does no damage.
The wavering orb of destruction hits you!
* * * LOW HITPOINT WARNING * * *
The wolf spider barely misses you. The wolf spider closely misses you.
The orb of destruction hits you!!
* * * LOW HITPOINT WARNING * * *
The orb spider weaves a glowing orb of energy.
The orb of destruction hits you!!
You die...

, ,,,................... ,
,..........s.....>.. , ,
,,........†°*........, ,
..°....††°.............. , ,
..○.....°............... , ,
...○s..○°.†............. , ,
,....○☼.☼.^.............. ,, ,
.....○○○................ , ,
.....^.@s........^....s^ ,,
,........s.......^^....†# ,,,
..............^....^(... ≈
,.........................ss.
...............^..^.........s†
.................>............
........................^.....^..
.............^............<......
.................................


You could see a wolf spider, 2 orb spiders and a tarantella.

Vanquished Creatures
  Bai Suzhen (Spider:3)
  A sphinx (D:13)
  A tentacled starspawn (Abyss:1)
  Agnes (D:15)
  A storm dragon (D:14)
  Donald (Orc:2)
  An orc warlord (Orc:1)
  2 emperor scorpions
  A stone giant (D:9)
  2 entropy weavers
  Azrael (Spider:2)
  Nessos (Orc:2)
  2 spark wasps
  Snorg (D:13)
  A yaktaur captain (D:14)
  A great orb of eyes (D:13)
  Harold (Lair:1)
  Erolcha (D:11)
  A vault guard (D:14)
  2 catoblepae
  6 boulder beetles
  12 hydras
  A death knight (D:15)
  6 two-headed ogres
  A deep troll earth mage (D:14)
  Erica (D:9)
  2 centaur warriors (D:14)
  3 death yaks (Lair:6)
  An ogre mage (D:15)
  5 orc high priests
  Sonja (Orc:1)
  Urug (D:13)
  8 skeletal warriors
  5 unseen horrors
  A flayed ghost (D:14)
  A harpy (D:14)
  A lindwurm (Lair:6)
  2 anaconda skeletons (Volcano)
  6 orc knights
  A deep elf mage (D:14)
  A harpy (shapeshifter) (D:13)
  A phantasmal warrior (D:15)
  14 ugly things
  4 orb spiders
  15 wolf spiders
  4 oklob plants
  12 orc sorcerers
  4 cyclopes
  3 merfolk sirens (Lair:4)
  A worldbinder (Abyss:1)
  2 moths of wrath (Spider:2)
  4 manticores
  A spectral centaur (D:12)
  A naga mage (D:15)
  13 elephants
  6 black mambas
  15 cane toads
  4 gargoyles
  3 torpor snails
  Psyche (D:9)
  Maurice (D:8)
  2 kobold demonologists
  Maggie (D:9)
  5 rime drakes
  An ancient zyme (Abyss:1)
  7 trolls
  4 freezing wraiths
  10 komodo dragons
  7 demonic crawlers
  A jumping spider (shapeshifter) (Abyss:1)
  16 jumping spiders
  5 hornets
  5 polar bears
  Grinder (D:3)
  7 slime creatures (D:15)
  A spectral meliai (D:12)
  17 blink frogs
  2 dream sheep (Lair:6)
  A meliai zombie (D:10)
  3 flying skulls (Volcano)
  A centaur simulacrum (D:12)
  50 redbacks
  A shadow (D:14)
  The ghost of DarkMailMan the Magician, an amateur DEFE (D:3)
  27 tarantellas
  6 wraiths
  2 vampires
  A ynoxinul (Abyss:1)
  8 basilisks
  14 wyverns
  3 fire elementals (Spider:2)
  54 yaks
  Grum (D:8)
  A neqoxec (Abyss:1)
  4 vampire mosquitoes
  6 wargs
  15 water moccasins
  2 acid dragons
  4 hell hounds
  8 sky beasts
  43 orc warriors
  A phantom (D:6)
  A hornet zombie (D:5)
  5 ice beasts
  7 black bears
  14 ogres
  7 wolves
  A small abomination (Abyss:1)
  A necrophage (D:7)
  21 centaurs
  3 big kobolds
  A gnoll sergeant (D:12)
  25 bullfrogs
  6 scorpions
  A killer bee (shapeshifter) (D:14)
  19 killer bees
  2 troll skeletons (Volcano)
  4 wights
  5 howler monkeys
  A spriggan skeleton (Volcano)
  3 bullfrog zombies
  5 centaur zombies
  3 starcursed masses (Abyss:1)
  4 centaur skeletons
  A jelly (D:5)
  13 orc priests
  10 hounds
  28 orc wizards
  3 bullfrog skeletons
  6 iguanas
  8 hell rats
  10 worker ants
  The ghost of miscthings the Sneak, a weakling PaDe (D:5)
  A hound zombie (D:7)
  A worker ant zombie (D:6)
  15 gnolls
  18 adders
  A river rat (D:4)
  3 shadow imps
  2 white imps
  An ooze (D:1)
  An adder zombie (D:8)
  2 worms
  2 dart slugs (D:1)
  8 leopard geckos
  71 orcs
  A ball python (D:4)
  9 bats
  15 giant cockroaches
  4 goblins
  2 hobgoblins
  8 jackals
  2 quokkas
  A ball python skeleton (D:4)
  11 frilled lizards
  A jackal zombie (D:5)
  19 kobolds
  A rat (D:1)
967 creatures vanquished.

Vanquished Creatures (collateral kills)
  The ghost of dickylongcocking the Blocker, a journeyman FoFi of Okawaru (D:12)
  A hydra (Lair:1)
  An ugly thing (D:11)
  A spectral centaur (D:12)
  A redback (Spider:2)
  3 centaur simulacra (D:12)
  2 black bears (Lair:1)
  An orc wizard (Orc:2)
  2 orcs (Orc:2)
13 creatures vanquished.

Vanquished Creatures (others)
  An emperor scorpion (Spider:3)
  A boulder beetle (Spider:3)
  A demonic crawler (Spider:3)
  A worker ant (D:5)
  22 fungi
  26 plants
  4 starspawn tentacles (Abyss:1)
56 creatures vanquished.

Grand Total: 1036 creatures vanquished

Notes
Turn   | Place    | Note
-------+----------+-------------------------------------------
     0 | D:1      | robertstho the Deep Dwarf Berserker began the quest for the
                  | Orb.
     0 | D:1      | Reached XP level 1. HP: 20/20 MP: 1/1
   104 | D:1      | Reached XP level 2. HP: 15/28 MP: 2/2
   762 | D:2      | Reached XP level 3. HP: 24/34 MP: 3/3
  1097 | D:2      | Reached ** piety under Trog
  1098 | D:2      | Reached XP level 4. HP: 27/42 MP: 4/4
  1440 | D:3      | Reached skill level 1 in Polearms
  1448 | D:3      | Reached XP level 5. HP: 39/50 MP: 4/4
  1470 | D:3      | Noticed Grinder
  1476 | D:3      | Killed Grinder
  1477 | D:3      | Reached skill level 1 in Stealth
  1477 | D:3      | Reached XP level 6. HP: 57/57 MP: 5/5
  1589 | D:3      | Found a transporter.
  1590 | D:3      | Noticed DarkMailMan's ghost (amateur DEFE)
  1591 | D:3      | Found a transporter.
  1592 | D:3      | Identified the +6 dire flail "Lepluos" {vorpal, rC+ rN+
                  | Int-3}
  1814 | D:3      | Reached XP level 7. HP: 48/66 MP: 6/6
  1818 | D:3      | Killed DarkMailMan's ghost
  1819 | D:3      | Reached skill level 5 in Axes
  1920 | D:4      | You fall into a shaft and drop 2 floors!
  1928 | D:6      | Reached skill level 5 in Fighting
  1934 | D:5      | Entered Level 5 of the Dungeon
  1983 | D:4      | Reached skill level 5 in Armour
  2091 | D:4      | Got a steaming wooden ring
  2111 | D:4      | Reached XP level 8. HP: 42/74 MP: 7/7
  2178 | D:4      | Found a sacrificial altar of Ru.
  2230 | D:4      | Found Fitith's Book Boutique.
  2265 | D:4      | Found a glowing drain.
  2298 | Sewer    | Entered a sewer
  2467 | Sewer    | Reached *** piety under Trog
  2635 | Sewer    | Reached skill level 1 in Short Blades
  2644 | Sewer    | Got a twisted short sword
  2644 | Sewer    | Identified the +9 short sword of Oozing Pus {freeze, *Noise
                  | rF+ rC+++ Stlth-} (You found it in a sewer)
  3331 | D:5      | Identified the ring of the Invisible Hand {rElec rF+++ rC-
                  | MR+ Int-4} (You found it on level 4 of the Dungeon)
  3386 | D:5      | Found a shimmering altar of Xom.
  3426 | D:5      | Found a staircase to the Ecumenical Temple.
  3479 | D:5      | Reached skill level 5 in Dodging
  3636 | D:5      | Found a transporter.
  3639 | D:5      | Identified the cursed +2 great mace of Righteous Anger
                  | {venom, Int+3}
  3640 | D:5      | Noticed miscthings's ghost (weakling PaDe)
  3642 | D:5      | Found a transporter.
  4791 | D:6      | Gained mutation: You passively map the area around you.
                  | [Deep Dwarf growth]
  4791 | D:6      | Reached XP level 9. HP: 53/82 MP: 8/8
  5140 | D:6      | Found an opulent altar of Gozag.
  5141 | D:6      | Found a glowing silver altar of Zin.
  6286 | D:8      | Noticed Maurice
  6317 | D:8      | Noticed Grum
  6360 | D:8      | Killed Grum
  6385 | D:8      | Reached XP level 10. HP: 68/92 MP: 9/9
  6630 | D:8      | Killed Maurice
  6704 | D:8      | Reached skill level 5 in Short Blades
  7256 | D:9      | Found a staircase to the Orcish Mines.
  7280 | D:9      | Reached **** piety under Trog
  7328 | D:9      | Reached skill level 10 in Armour
  7398 | D:9      | Noticed Maggie
  7410 | D:9      | Killed Maggie
  7589 | D:9      | Found a broken altar of Ashenzari.
  7609 | D:9      | Found an ornate altar of the Wu Jian Council.
  7816 | D:9      | Noticed Erica
  7817 | D:9      | Noticed Psyche
  7858 | D:9      | Cast into level 1 of the Abyss (Psyche)
  7858 | Abyss:1  | Found a corrupted altar of Lugonu.
  7864 | Abyss:1  | Noticed a starcursed mass
  7989 | Abyss:1  | Noticed a salamander
  7994 | Abyss:1  | Noticed a harpy
  7994 | Abyss:1  | a salamander changed into a harpy
  8000 | Abyss:1  | a harpy changed into a jumping spider
  8005 | Abyss:1  | Noticed a worldbinder
  8010 | Abyss:1  | Noticed an ironheart preserver
  8011 | Abyss:1  | Gained mutation: Your magical capacity is low. (-10% MP) [a
                  | neqoxec]
  8014 | Abyss:1  | Noticed an ironheart preserver
  8027 | Abyss:1  | Noticed a vault sentinel
  8028 | Abyss:1  | Killed a worldbinder
  8030 | Abyss:1  | Noticed a cacodemon
  8070 | Abyss:1  | Noticed a tentacled starspawn
  8088 | Abyss:1  | Killed a tentacled starspawn
  8089 | Abyss:1  | Reached XP level 11. HP: 26/103 MP: 8/8
  8091 | D:9      | Escaped the Abyss
  8093 | D:9      | Killed Psyche
  8104 | D:9      | HP: 5/104 [rock wall collision (15)]
  8106 | D:9      | Killed Erica
  8247 | D:10     | Entered Level 10 of the Dungeon
  8262 | D:10     | Noticed a brown ugly thing
  8286 | D:10     | Found a staircase to the Lair.
  8427 | D:10     | Got a polished scale mail
  8438 | D:10     | Identified the cursed +0 scale mail "Etoring" {+Fly rPois}
                  | (You found it on level 10 of the Dungeon)
  8545 | D:10     | Killed a brown ugly thing
  8569 | D:10     | Got a steaming granite ring
  8571 | D:10     | Identified the ring "Veopli" {+Fly rN+ Str+4 Slay+4} (You
                  | found it on level 10 of the Dungeon)
  8677 | D:10     | Got a dazzling scale mail
  8997 | D:11     | Noticed a white ugly thing
  9012 | D:11     | Killed a white ugly thing
  9015 | D:11     | HP: 6/156 [centaur (3)]
  9018 | D:11     | HP: 2/156 [centaur (3)]
  9071 | D:11     | Killed an unseen horror
  9100 | D:11     | Got a crystal hunting sling
  9127 | D:11     | Found a sparkling altar of Nemelex Xobeh.
  9143 | D:11     | Found an iron altar of Okawaru.
  9172 | D:11     | Noticed Erolcha
  9181 | D:11     | Killed Erolcha
  9191 | D:11     | Noticed a green ugly thing
  9211 | D:11     | Killed a green ugly thing
  9239 | D:11     | Reached XP level 12. HP: 57/114 MP: 5/5
 10033 | Lair:1   | Entered Level 1 of the Lair of Beasts
 10316 | Lair:1   | Noticed a five-headed hydra
 10331 | Lair:1   | Killed a five-headed hydra
 10332 | Lair:1   | Reached skill level 10 in Fighting
 10354 | Lair:1   | Noticed a six-headed hydra
 10363 | Lair:1   | Killed a six-headed hydra
 10643 | D:5      | Killed miscthings's ghost
 10828 | Lair:1   | Noticed a four-headed hydra
 10849 | Lair:1   | Killed a four-headed hydra
 10850 | Lair:1   | Reached skill level 10 in Dodging
 11165 | Lair:1   | Got an encrusted hat
 11170 | Lair:1   | Identified the +2 hat "Soesoisasi" {rElec rC- Dex+4 SInv}
                  | (You found it on level 1 of the Lair of Beasts)
 11185 | Lair:1   | Noticed Harold
 11205 | Lair:1   | Killed Harold
 11643 | Lair:2   | Noticed a four-headed hydra
 11654 | Lair:2   | Killed a four-headed hydra
 11659 | Lair:2   | Reached XP level 13. HP: 124/124 MP: 5/5
 11708 | Lair:2   | Found a dark tunnel.
 11717 | Volcano  | Entered a volcano
 12146 | Lair:2   | Reached skill level 10 in Axes
 12178 | Lair:2   | Identified the +10 hunting sling of the Apocalypse {freeze,
                  | Int-3 Dex+7} (You found it on level 11 of the Dungeon)
 12201 | Lair:2   | Identified the cursed +0 scale mail of Okawaru's Supremacy
                  | {rElec MP+9 Int-2} (You found it on level 10 of the
                  | Dungeon)
 13094 | Lair:3   | Got an emerald-encrusted scale mail
 13104 | Lair:3   | Identified the cursed +1 scale mail of Defence {rF+ rC-
                  | Regen+ Str+2} (You found it on level 3 of the Lair of
                  | Beasts)
 13434 | Lair:3   | Found a hole to the Spider Nest.
 13716 | Lair:3   | Reached skill level 1 in Long Blades
 14098 | Lair:4   | Reached skill level 1 in Shields
 14217 | Lair:4   | HP: 5/128 [cane toad (15)]
 14219 | Lair:4   | HP: 2/128 [poisoned by a cane toad]
 14668 | Lair:4   | Found a staircase to the Shoals.
 14676 | Lair:4   | Gained mutation: You resist negative energy. (rN+) [Deep
                  | Dwarf growth]
 14676 | Lair:4   | Reached XP level 14. HP: 136/136 MP: 1/1
 15701 | Lair:5   | Found a viscous altar of Jiyva.
 15701 | Lair:5   | Found a staircase to the Slime Pits.
 16111 | Lair:6   | Entered Level 6 of the Lair of Beasts
 16851 | Lair:6   | Reached skill level 1 in Evocations
 17308 | Lair:6   | Found a stormy altar of Qazlal.
 18639 | Orc:1    | Entered Level 1 of the Orcish Mines
 18738 | Orc:1    | Noticed a stone giant
 18828 | D:9      | Killed a stone giant
 19209 | Orc:1    | Found a roughly hewn altar of Beogh.
 19230 | Orc:1    | You fall into a shaft and drop 1 floor!
 19230 | Orc:2    | Entered Level 2 of the Orcish Mines
 19401 | Orc:2    | Reached XP level 15. HP: 146/146 MP: 1/1
 19425 | Orc:2    | Noticed Donald
 19441 | Orc:2    | Killed Donald
 19500 | Orc:2    | Found a staircase to the Elven Halls.
 19516 | Orc:2    | Noticed Nessos
 19527 | Orc:2    | Killed Nessos
 19944 | Orc:2    | Found Jonodoch's Weapon Shoppe.
 20043 | Orc:1    | Gained mutation: Scrolls take you a little longer to read.
                  | [a neqoxec]
 20068 | Orc:1    | Noticed an orc warlord
 20097 | Orc:1    | Killed an orc warlord
 20237 | Orc:1    | Noticed Sonja
 20240 | Orc:1    | Killed Sonja
 20436 | Orc:2    | Reached skill level 5 in Shields
 20608 | Orc:2    | Found Vokhufumn's Armour Boutique.
 20614 | Orc:2    | Found Ymymuidgh's Magic Scroll Boutique.
 20616 | Orc:2    | Found Gyshriy's Gadget Shoppe.
 20622 | Orc:2    | Bought a scroll of summoning for 152 gold pieces
 20622 | Orc:2    | Bought a scroll of identify for 32 gold pieces
 20622 | Orc:2    | Bought a scroll of torment for 120 gold pieces
 20622 | Orc:2    | Bought a scroll of silence for 120 gold pieces
 20622 | Orc:2    | Bought a scroll of fear for 56 gold pieces
 20622 | Orc:2    | Bought a scroll of blinking for 120 gold pieces
 20622 | Orc:2    | Bought a scroll of fear for 56 gold pieces
 20634 | Orc:2    | Bought the +1 pair of boots of Claustrophobia {Str+4} for
                  | 373 gold pieces
 21084 | D:12     | Found a runed translucent gate.
 21084 | D:12     | Found a runed translucent gate.
 21084 | D:12     | Found a runed translucent gate.
 21084 | D:12     | Noticed dickylongcocking's ghost (journeyman FoFi)
 21672 | D:12     | Killed dickylongcocking's ghost
 21736 | D:13     | Found Hojioj's Armour Shop.
 21741 | D:13     | Bought the +2 ratskin cloak {*Rats rPois rN+ Str-1 Int-1
                  | Dex+1} for 528 gold pieces
 21741 | D:13     | Found the +2 ratskin cloak {*Rats rPois rN+ Str-1 Int-1
                  | Dex+1}
 21779 | D:13     | Noticed Snorg
 21789 | D:13     | Noticed Urug
 21813 | D:13     | Killed Urug
 21890 | D:13     | Found Livvi's General Store.
 21891 | D:13     | Found Yvah's Jewellery Shoppe.
 21995 | D:13     | Found Duehapne's Magic Scroll Shop.
 22004 | D:13     | Bought a scroll of identify for 22 gold pieces
 22004 | D:13     | Bought a scroll of identify for 22 gold pieces
 22004 | D:13     | Bought a scroll of identify for 22 gold pieces
 22004 | D:13     | Bought a scroll of identify for 22 gold pieces
 22176 | D:13     | Bought a scroll of brand weapon for 260 gold pieces
 22261 | D:13     | Lost mutation: Scrolls take you a little longer to read.
                  | [potion of mutation]
 22261 | D:13     | Lost mutation: Your magical capacity is low. (-10% MP)
                  | [potion of mutation]
 22261 | D:13     | Gained mutation: You are covered in fur. (AC +1) [potion of
                  | mutation]
 22261 | D:13     | Gained mutation: You are agile. (Dex +2) [potion of
                  | mutation]
 22308 | D:13     | Killed Snorg
 22435 | D:13     | Noticed a sphinx
 22447 | D:13     | Killed a sphinx
 22680 | D:13     | Found Vecvu's Book Boutique.
 22880 | D:14     | Reached XP level 16. HP: 52/157 MP: 3/3
 22965 | D:14     | Noticed a storm dragon
 23017 | D:14     | Killed a storm dragon
 23589 | D:14     | Found a gate to the Vaults.
 23721 | D:15     | Entered Level 15 of the Dungeon
 23728 | D:15     | Reached skill level 15 in Armour
 23786 | D:15     | Found a flickering gateway to a bazaar.
 23817 | Bazaar   | Entered a bazaar
 23817 | Bazaar   | Found Xadda's Weapon Boutique.
 23817 | Bazaar   | Found Zimorunu's Book Shop.
 23817 | Bazaar   | Found Utufoc's Book Shop.
 23817 | Bazaar   | Found Munn's Gadget Boutique.
 23884 | D:15     | Noticed Agnes
 23895 | D:15     | Killed Agnes
 24032 | D:15     | Found a portal to a secret trove of treasure.
 24041 | Trove    | Entered a treasure trove
 24048 | Trove    | Identified a scroll of acquirement
 24113 | Trove    | Acquired 1090 gold pieces
 24576 | Spider:1 | Entered Level 1 of the Spider Nest
 24641 | Spider:1 | Paralysed by a hornet for 3 turns
 24651 | Spider:1 | Reached * piety under Trog
 24927 | Spider:1 | HP: 7/160 [poisoned by a wolf spider]
 25168 | Spider:1 | Upgraded the game from 0.26-a0-852-g6321bf7485 to
                  | 0.26-a0-854-gdc81c2f471
 25992 | Spider:2 | Noticed Azrael
 26017 | Spider:2 | Reached XP level 17. HP: 66/168 MP: 1/1
 26028 | Spider:2 | Killed Azrael
 26029 | Spider:2 | Reached skill level 15 in Fighting
 26339 | Spider:2 | Reached skill level 15 in Dodging
 26347 | Spider:2 | Reached skill level 15 in Axes
 27213 | Spider:3 | Noticed Bai Suzhen
 27233 | Spider:3 | Noticed Arachne
 27238 | Spider:3 | Killed Bai Suzhen
 27408 | Spider:3 | Blown up by an orb spider

Illustrated notes

Levels and vault maps discovered:
D:1:      mrwooster_arrival_arrow, layout_loops_ring
D:2:      layout_loops_ring, kennysheep_generic_room_4
D:3:      layout_rooms, gammafunk_ghost_smash, uniq_grinder
D:4:      layout_loops_cross, nicolae_ru_great_annihilating_truth,
          serial_rivers, chequers_serial_rivers_micro_d,
          chequers_serial_rivers_micro_b, chequers_serial_rivers_micro_a,
          chequers_serial_rivers_micro_d, chequers_serial_rivers_large_a,
          chequers_serial_rivers_micro_c, serial_shops, nicolae_shop_waterfront,
          portal_sewer_entry_b
D:5:      layout_layer_cave, xom_confusion_cloud, minmay_temple_entry_overgrown,
          gammafunk_ghost_smash
D:6:      layout_loops_corners, grunt_temple_overflow_gold_and_silver
D:7:      layout_basic
D:8:      layout_loops_cross, uniq_maurice, uniq_grum
D:9:      layout_roguey, overflow_temple_1_default,
          nicolae_overflow_hidden_temple, david_orc_2, uniq_psyche, uniq_erica,
          uniq_maggie
D:10:     layout_roguey, lair_entry_dummy, minmay_diamond_spiral
D:11:     layout_basic, basic_altar, nemelex_altar_shiori, uniq_erolcha
D:12:     layout_loops_ring, gammafunk_ghost_necromancy
D:13:     hourglass_vault, layout_small_grid, serial_shops,
          nicolae_shop_temple_entry_statues_fountains, nicolae_shop_statue_plus,
          kennysheep_little_box, nicolae_shop_crystal, shop, nooodl_orcs_dogs,
          uniq_snorg, uniq_urug
D:14:     minmay_strange_plus, layout_loops_cross, david_vaults_5,
          infiniplex_staircase_diamond
D:15:     hangedman_depths_entry_try_elsewhere_first, layout_stronghold,
          enter_trove_1, serial_shops, bzr_entry_safe, skrybe_limestone_x,
          uniq_kirke, uniq_jorgrun, uniq_agnes, uniq_roxanne
Lair:1:   beast_lair_carwin_large_3, layout_chaotic_city,
          infiniplex_staircase_pool_2, grunt_megastairs_2, uniq_harold
Lair:2:   layout_long_grid, nicolae_volcano_entry_lava_flow
Lair:3:   layout_long_grid, nicolae_spider_entry_orb_guardian,
          minmay_lair_oklob_chamber
Lair:4:   layout_misc_corridors, elwin_shoals_entry_rooms
Lair:5:   layout_cave_pods, dpeg_slime_entry_enclosed_altar, st_stairs_13,
          serial_bayou_shore_b
Lair:6:   hangedman_lair_in_review, layout_hall_layers, basic_altar,
          special_room [special_room_mythical_zoo]
Spider:1: layout_spider_delve, hangedman_spider_tarantella_strand
Spider:2: layout_chambers, nicolae_spider_cling_halls, uniq_azrael
Spider:3: layout_spider_delve, uniq_bai_suzhen, uniq_arachne
Orc:1:    layout_caves, basic_altar, uniq_sonja
Orc:2:    st_orc_elflike, layout_caves, uniq_donald, uniq_nessos

Skill      XL: |  1  2  3  4  5  6  7  8  9 10 11 12 13 14 15 16 17 |
---------------+----------------------------------------------------+-----
Fighting       | 3 4 5 6 8 9 10 11 12 13 14 15 | 15.8
Axes           | 4 6 7 9 10 12 14 15 | 15.8
Polearms       | 1 2 |  2.0
Armour         | 3 4 5 7 9 10 11 12 13 14 15 | 15.9
Dodging        | 3 4 5 6 7 9 10 11 13 14 15 | 15.4
Stealth        | 1 2 3 |  3.8
Short Blades   | 2 4 5 6 7 8 9 |  9.8
Long Blades    | 3 |  3.3
Shields        | 1 4 6 |  6.9
Evocations     | 1 2 |  2.8

Action                   |  1- 3 |  4- 6 |  7- 9 | 10-12 | 13-15 | 16-18 || total
-------------------------+-------+-------+-------+-------+-------+-------++-------
Melee: Hand axe          |    43 |    37 |       |       |       |       ||    80
       Spear             |    64 |       |       |       |       |       ||    64
       Battleaxe         |       |    22 |    52 |     6 |   106 |       ||   186
       Short sword       |       |       |   779 |   895 |  2021 |   143 ||  3838
       War axe           |       |       |       |   194 |   671 |   519 ||  1384
       Scimitar          |       |       |       |       |    96 |       ||    96
       Broad axe         |       |       |       |       |       |   139 ||   139
Invok: Berserk           |     4 |     3 |    12 |    25 |    60 |    21 ||   125
       Trog's Hand       |       |     2 |    10 |    28 |    79 |    25 ||   144
       Brothers in Arms  |       |       |       |     2 |     3 |       ||     5
 Abil: Heal Wounds       |     1 |     1 |     1 |    18 |    18 |     5 ||    44
Evoke: Wand              |       |       |     4 |     5 |    13 |    20 ||    42
       Condenser vane    |       |       |       |       |       |     1 ||     1
       Box of beasts     |       |       |       |       |       |     2 ||     2
       Phantom mirror    |       |       |       |       |       |     1 ||     1
  Use: Scroll            |     4 |     3 |     3 |    11 |    18 |    11 ||    50
       Potion            |       |       |     5 |     2 |     9 |    19 ||    35
 Stab: Paralysed         |       |       |     1 |       |       |       ||     1
       Sleeping          |       |       |       |     2 |       |       ||     2
       Petrified         |       |       |       |       |     1 |       ||     1
       Distracted        |       |       |       |       |     1 |     1 ||     2
Armor: Scale mail        |    17 |       |       |   255 |   753 |       ||  1025
       Animal skin       |     8 |       |       |       |       |       ||     8
       Chain mail        |    16 |    22 |   524 |     8 |    65 |    89 ||   724
       Plate armour      |       |       |       |   194 |       |   558 ||   752
       Acid dragon scale |       |       |       |   103 |   188 |       ||   291
       Skin              |       |       |       |     1 |       |       ||     1
Dodge: Dodged            |    52 |    31 |   564 |   918 |  2401 |  1064 ||  5030
Block: Buckler           |       |       |       |       |   494 |       ||   494
       Kite shield       |       |       |       |       |   378 |    50 ||   428
       Reflection        |       |       |       |       |    16 |       ||    16
       Rpst.: Scimitar   |       |       |       |       |    24 |       ||    24

Table legend: (Time is in decaauts)
 A = Elapsed time spent in this place.
 B = Non-inter-level travel time spent in this place.
 C = Inter-level travel time spent in this place.
 D = Time resting spent in this place.
 E = Time spent auto-exploring this place.
 F = Levels seen in this place.
 G = Mean time per level.
                   A        B        C        D        E       F      G
               +--------+--------+--------+--------+--------+-----+--------+
         Total |  27628 |  25600 |   2028 |   1532 |  13940 |  31 |  891.2 |
       Dungeon |  13832 |  12572 |   1260 |    322 |   7814 |  15 |  922.1 |
          Lair |   7699 |   7138 |    561 |    669 |   3501 |   6 | 1283.2 |
   Spider Nest |   2826 |   2690 |    136 |    334 |   1416 |   3 |  942.0 |
  Orcish Mines |   1865 |   1795 |     70 |    180 |    730 |   2 |  932.5 |
         Abyss |    248 |    248 |      0 |      0 |      0 |   1 |  248.0 |
        Bazaar |     24 |     24 |      0 |      0 |     19 |   1 |   24.0 |
         Trove |     95 |     95 |      0 |      0 |     50 |   1 |   95.0 |
         Sewer |    685 |    685 |      0 |      0 |    327 |   1 |  685.0 |
       Volcano |    349 |    349 |      0 |     27 |     80 |   1 |  349.0 |
               +--------+--------+--------+--------+--------+-----+--------+

Top non-repeatable levels by time:
  Lair:6: 1577 daAuts
  Lair:5: 1492 daAuts
Spider:2: 1368 daAuts
Spider:1: 1331 daAuts
   Orc:2: 1288 daAuts
  Lair:1: 1278 daAuts
  Lair:3: 1272 daAuts
     D:9: 1233 daAuts
    D:13: 1191 daAuts
     D:5: 1181 daAuts
  Lair:4: 1168 daAuts
     D:7: 1101 daAuts
    D:11: 1081 daAuts
     D:6: 1005 daAuts
    D:14: 964 daAuts
